[Event "Late-Titled-Tuesday-Blitz-March-26-2024"]
[Site "Chess.com"]
[Date "2024.03.26"]
[Round "6"]
[White "JackRodgers"]
[Black "gorgeous1083"]
[Result "1-0"]
[WhiteElo "2537"]
[BlackElo "2048"]
[TimeControl "180+1"]
[EndTime "15:08:31 PDT"]
[Termination "JackRodgers won by resignation"]

1. c4 c5 2. Nc3 Nc6 3. g3 g6 4.
Bg2 Bg7 5. Nf3 Nf6 6. O-O O-O 7. d4 cxd4 8. Nxd4 Nxd4 9. Qxd4 d6 10. b3 a6 11. Bb2 Rb8 12. Nd5 b5 13. cxb5 Rxb5 14. e4 Be6 15. Rac1 Bxd5 16. exd5 Qb6 17. Qxb6 Rxb6 18. Rfe1 Rb7 19. Rc6 Ra8 20. Rec1 Nd7 21. Bxg7 Kxg7 22. Bf1 a5 23. Rc7 Raa7 24. Rxb7 Rxb7 25.
Rc6 Nc5 26. Ba6 Ra7 27. Bc4 Kf6 28. f4 Kf5 29. Rc8 Ke4 30. Kf2 Kd4 31. Rf8 f6 32.
Rf7 h5 33. Rg7 g5 34. fxg5 fxg5 35. Kf3 g4+ 36. Ke2 Ne4 37. Rh7 Nf6 38. Rh8 a4 39. Rc8 axb3 40. Bxb3 Rb7 41. Rc4+ Kxd5 42. Rc2+ Ke5 43.
Kf2 Ne4+ 44. Kg2 Nc5 45. Re2+ Kf6 46. Bd5 Rb4 47. Bc6 Rc4 48. Be8 Ne4 49. Bxh5 Kg5 50. Bf7 e5 51. Bxc4 Nc3 52. Rc2 Ne4 53. Bd5 Nc5 54.
Rxc5 dxc5 55. Kf2 Kf5 56. Ke3 e4 57. Bxe4+ 1-0

[Event "Late-Titled-Tuesday-Blitz-March-26-2024"]
[Site "Chess.com"]
[Date "2024.03.26"]
[Round "6"]
[White "Chempiblinka"]
[Black "Savagelittlemole"]
[Result "1/2-1/2"]
[WhiteElo "2389"]
[BlackElo "2517"]
[TimeControl "180+1"]
[EndTime "15:08:33 PDT"]
[Termination "Game drawn by repetition"]

1. Nf3 g6 2. g3 Bg7 3. Bg2 e5 4. d3 d5 5. O-O Ne7 6. c4 O-O 7. cxd5 Nxd5 8. Nc3 c6 9. Rb1 h6 10. Nd2 Be6 11. Nde4 Na6 12. a3 f5 13. Nd2 Nc5 14. Nxd5 cxd5 15. b4 Nd7 16. Bb2 Nb6 17. Qb3 Qd6 18. Rfc1 d4 19. Qd1 Bd5 20. Nb3 Bxg2 21. Kxg2 Na4 22. Nc5 Nxc5 23. Rxc5 b6 24. Qb3+ Kh7 25. Rc2 e4 26. Rbc1 exd3 27. Qxd3 Rae8 28. Rc7 Re7 29. Rxe7 Qxe7 30. Bxd4 Rd8 31. e3 Bxd4 32. exd4 Qd6 33. Rd1 Qd5+ 34. Kg1 h5 35. h4 Re8 36. Rc1 Re7 37. Qd2 Rd7 38. Qe3 a5 39. bxa5 bxa5 40. Rd1 Rb7 41. Qg5 Qf3 42. Re1 Qd5 43.
Qf6 Rf7 44. Qe5 Rd7 45. Qxd5 Rxd5 46. Re7+ Kh6 47. Ra7 Rxd4 48. Rxa5 f4 49. Kg2 fxg3 50.
fxg3 Rd3 51. Kf2 Rb3 52. Ra7 Rc3 53. a4 Ra3 54. a5 Rb3 55. a6 Ra3 56. Ra8 Kg7 57. Kg2 Kh7 58. a7 Kg7 59. Kf2 Kh7 60.
Kg2 Kg7 61. Kf2 Kh7 62. Kg2 1/2-1/2

[Event "Late-Titled-Tuesday-Blitz-March-26-2024"]
[Site "Chess.com"]
[Date "2024.03.26"]
[Round "6"]
[White "Beca95"]
[Black "Firouzja2003"]
[Result "0-1"]
[WhiteElo "2957"]
[BlackElo "3108"]
[TimeControl "180+1"]
[EndTime "15:08:34 PDT"]
[Termination "Firouzja2003 won on time"]

1. d4 Nf6 2. c4 e6 3. Nc3 Bb4 4. Qc2 b6 5. e4 c5 6. d5 Qe7 7. Ne2 exd5 8. exd5 O-O 9. Bd2 Re8 10. f3 d6 11. O-O-O Nbd7 12. Ng3 Ne5 13. Re1 Qf8 14. Bg5 Nfd7 15. Nf5 h6 16. Bd2 Nf6 17. f4 Bxf5 18. Qxf5 Neg4 19. Be2 Nf2 20. Rhf1 N2e4 21. Nxe4 Rxe4 22.
Bxb4 cxb4 23. Bd3 Rxe1+ 24. Rxe1 Re8 25. Rxe8 Qxe8 26. Kd2 Qd8 27. Qh3 Nd7 28. Qe3 Kf8 29. g3 Qf6 30. Kc2 Nc5 31. Be2 a5 32. Kc1 a4 33.
Qd2 Qe7 34. Bd1 a3 35. bxa3 bxa3 36. Qc3 Qe4 37. Qxa3 Qxc4+ 38. Bc2 Qxd5 39. Qa7 Qb7 40. Qxb7 Nxb7 41. Kd2 Ke7 42. Kc3 Nc5 43. Kc4 Kd7 44. Kd5 Kc7 45. g4 b5 46. g5 hxg5 47. fxg5 Nd7 48.
h4 g6 49. Bb3 Nc5 50. Bc2 Kd7 51. a3 Ne6 52. Ke4 Kc6 53. Kf3 Nd4+ 0-1

[Event "Late-Titled-Tuesday-Blitz-March-26-2024"]
[Site "Chess.com"]
[Date "2024.03.26"]
[Round "6"]
[White "MariusBieliauskas"]
[Black "VD_coach"]
[Result "0-1"]
[WhiteElo "2335"]
[BlackElo "2507"]
[TimeControl "180+1"]
[EndTime "15:08:34 PDT"]
[Termination "VD_coach won on time"]

1. d4 Nf6 2. c3 g6 3. Bf4 Bg7 4. Nd2 O-O 5. e4 d6 6. Ngf3 Nc6 7. Bc4 Nd7 8. O-O e6 9. Re1 b6 10. h3 Bb7 11. Bf1 e5 12. dxe5 Ndxe5 13. Nxe5 Nxe5 14. Qc2 Re8 15. a4 a5 16. Rad1 Qe7 17.
Bb5 c6 18. Bf1 Rad8 19. Nc4 Nxc4 20. Bxc4 d5 21. exd5 Qxe1+ 22. Rxe1 Rxe1+ 23. Kh2 cxd5 24. Qd2 Re4 25. Bd3 Re6 26. Be3 d4 27. Bxd4 Bxd4 28. cxd4 Rxd4 29. Qc3 Red6 30. Bc4 Kg7 31. b3 Kg8 32.
Qe3 Rd7 33. Qe8+ Kg7 34. Qe5+ Kf8 35. Qh8+ Ke7 36. Qxh7 Kd8 37. Qh8+ Kc7 38. Qe5+ Kc8 39. Qe8+ Kc7 40. Qe5+ R4d6 41. h4 Bc6 42. g4 Kb7 43. h5 f5 44. gxf5 gxf5 45. Qxf5 Rd4 46. Qf6 Rg4 47. f3 Rgd4 48. h6 Rd2+ 49. Kg3 Rh7 50. Qg6 Rdd7 51. Bg8 Rhe7 52. h7 Rg7 53. h8=Q Rxg6+ 54. Kf2 Rgd6 55. Bc4 Rd2+ 56. Ke3 R2d6 57. f4 Re7+ 58.
Kf2 Red7 59. Kg3 Rd2 60. Qe5 Rg2+ 61. Kh3 Rh7+ 0-1

[Event "Late-Titled-Tuesday-Blitz-March-26-2024"]
[Site "Chess.com"]
[Date "2024.03.26"]
[Round "6"]
[White "RebelJohnny"]
[Black "Kosak12"]
[Result "1/2-1/2"]
[WhiteElo "2597"]
[BlackElo "2767"]
[TimeControl "180+1"]
[EndTime "15:08:35 PDT"]
[Termination "Game drawn by repetition"]

1. e4 c5 2. Nf3 e6 3. d4 cxd4 4. Nxd4 Nc6 5. Nc3 a6 6. Be3 Qc7 7. Qd2 Nf6 8. O-O-O Be7 9. f3 b5 10. Nxc6 Qxc6 11. g4 d6 12. g5 Nd7 13. h4 Ne5 14. f4 Nc4 15. Bxc4 bxc4 16. h5 Rb8 17. Qd4 Rg8 18. f5 Bd7 19. g6 fxg6 20. hxg6 h6 21. e5 dxe5 22. Qxe5 Qb7 23. Rxd7 Qxh1+ 24. Rd1 Qb7 25. Qxe6 Qxb2+ 26. Kd2 Rd8+ 27. Ke2 Qxc2+ 28. Kf3 Rxd1 29. Qxg8+ Kd7 30. Qe6+ Ke8 31. Nxd1 Qxd1+ 32. Ke4 Qd3+ 33. Kf3 Qf1+ 34. Ke4 Qh1+ 35. Kd4 Qd1+ 36. Kxc4 Qc2+ 37. Kd4 Qb2+ 38. Ke4 Qg2+ 39. Kd3 Qf1+ 40. Kd2 Qg2+ 41. Kc1 Qf1+ 42. Kb2 Qe2+ 43. Kb3 Qd3+ 44. Kb2 Kd8 45. Qg8+ Kc7 46. Bf4+ Kc6 47. Qc8+ Kd5 48. Qd7+ Ke4 49. Qxe7+ Kxf4 50. Qxg7 Qb5+ 51. Kc3 Qc5+ 52. Kb3 Qb5+ 53. Kc3 Kxf5 54. Qf7+ Kg5 55. g7 Qc5+ 56. Kd3 Qd6+ 57. Kc4 Qc6+ 58. Kd4 Qb6+ 59. Kd5 Qb5+ 60.
Ke6 Qc4+ 61. Ke7 Qc7+ 62. Ke8 Qc8+ 63. Ke7 Qc7+ 64. Ke8 Qc8+ 65. Ke7 Qc7+ 1/2-1/2

[Event "Late-Titled-Tuesday-Blitz-March-26-2024"]
[Site "Chess.com"]
[Date "2024.03.26"]
[Round "6"]
[White "DrVelja"]
[Black "Hikaru"]
[Result "1/2-1/2"]
[WhiteElo "3025"]
[BlackElo "3277"]
[TimeControl "180+1"]
[EndTime "15:08:37 PDT"]
[Termination "Game drawn by repetition"]

1. e4 c6 2. d4 d5 3. e5 Bf5 4. h4 h5 5. Bd3 Bxd3 6. Qxd3 Qa5+ 7. Nd2 Qa6 8. e6 Qxd3 9. exf7+ Kxf7 10. cxd3 e6 11. Ndf3 Bd6 12. Nh3 Nh6 13. Bf4 Bb4+ 14. Bd2 Bxd2+ 15. Kxd2 Nd7 16. Nfg5+ Kf6 17. Nf4 Nf5 18.
Nfxe6 Rae8 19. Rae1 Re7 20. g3 g6 21. Re2 Rhe8 22. Rhe1 Nb6 23. Nf4 Rxe2+ 24. Rxe2 Rxe2+ 25. Nxe2 Nd7 26. Nf3 Nb8 27. Nf4 Na6 28. Kc3 Nc7 29.
a4 Ne7 30. Ne5 Kf5 31. b4 Ne8 32. f3 Nd6 33. Ng2 Ke6 34. g4 hxg4 35. fxg4 Kf6 36. Nf4 Ndc8 37. Nd7+ Kf7 38. Nc5 Nd6 39. Nh3 Kf6 40.
Nf4 Kf7 41. h5 gxh5 42. gxh5 Nef5 43. Nce6 Ke7 44. Ng5 Ne8 45. Nf3 Nf6 46. Ne5 Kd6 47. Nf7+ Ke7 48. Ng5 Kd6 49. Nf3 Ke7 50. Nd2 Kd6 51.
Nb3 b6 52. Nd2 Ng4 53. Nf3 Nfh6 54. Ng6 Nf6 55. Nf4 Nfg4 56. Ng5 Nf6 57. Kd2 Nf5 58. Kc3 Nh6 59. Nf3 Nfg4 1/2-1/2

[Event "Late-Titled-Tuesday-Blitz-March-26-2024"]
[Site "Chess.com"]
[Date "2024.03.26"]
[Round "6"]
[White "aa175"]
[Black "XDPS"]
[Result "1-0"]
[WhiteElo "2759"]
[BlackElo "2899"]
[TimeControl "180+1"]
[EndTime "15:08:37 PDT"]
[Termination "aa175 won on time"]

1. d4 d5 2. Bf4 Nf6 3. e3 e6 4. Nf3 Bd6 5. Nbd2 O-O 6. a3 c5 7. dxc5 Bxc5 8. c4 Nc6 9. Rc1 Be7 10. cxd5 exd5 11. Be2 Nh5 12. Bg3 Nxg3 13. hxg3 Bf6 14. Qa4 h6 15. Qc2 Re8 16. Nb3 Bg4 17. O-O Rc8 18. Qb1 Qb6 19. Nbd4 Bxf3 20. Bxf3 Nxd4 21. exd4 Rxc1 22. Qxc1 Bxd4 23. Bxd5 Bxb2 24. Qc4 Rf8 25. Rb1 Qf6 26. Bxb7 Bxa3 27. Bf3 Bb2 28. Qa2 Bd4 29. Rb7 Bb6 30. Bd5 g6 31. Bf3 h5 32. Kh2 Kg7 33. Qe2 h4 34. gxh4 Qxh4+ 35. Kg1 Rh8 36. Qe5+ Qf6 37. Qxf6+ Kxf6 38. Bd5 Rf8 39. Bc4 g5 40. g4 Kg6 41. Kg2 Kf6 42. f3 Be3 43. Kg3 a5 44. Rb5 Bd2 45. Rb6+ Kg7 46. Rb7 Bf4+ 47.
Kg2 Kg6 48. Rb6+ f6 49. Rb7 Rd8 50. Be6 Rd2+ 51. Kf1 f5 52. gxf5+ Kf6 53. Ra7 Rd1+ 54. Ke2 Ra1 55. Ra6 Ke5 56. Bd7 Ra2+ 57. Ke1 Bg3+ 58. Kf1 Rf2+ 59. Kg1 Rxf3 60. Rxa5+ Kf6 61. Ra6+ Ke5 62.
Kg2 Rc3 63. f6 1-0

[Event "Late-Titled-Tuesday-Blitz-March-26-2024"]
[Site "Chess.com"]
[Date "2024.03.26"]
[Round "6"]
[White "Payyappat"]
[Black "RandomNoob04"]
[Result "0-1"]
[WhiteElo "2524"]
[BlackElo "2677"]
[TimeControl "180+1"]
[EndTime "15:08:42 PDT"]
[Termination "RandomNoob04 won by resignation"]

1. e4 d5 2. exd5 Qxd5 3. d4 Nc6 4. Nf3 Bg4 5. Be2 O-O-O 6. Be3 e5 7. Nc3 Qa5 8. d5 Nge7 9. Nxe5 Bxe2 10. Nxc6 Nxc6 11. Qxe2 Rxd5 12. O-O Re5 13. Rad1 Bb4 14. Qg4+ Kb8 15. Qxg7 Rhe8 16. Bf4 Bxc3 17. bxc3 Rf5 18. Bg3 h5 19. Rd7 Ne5 20. Bxe5 Rfxe5 21. Qxf7 Qxc3 22. h3 a6 23. Rd5 Qxc2 24. Rxe5 Rxe5 25. Qf6 Rc5 26.
Re1 Ka7 27. Qd4 b6 28. Re7 Qxa2 29. Qd8 Qc2 30. g3 a5 31. Qc8 Qd1+ 32. Kh2 Qf3 33. Rxc7+ Rxc7 34. Qxc7+ Ka6 35. Qc8+ Ka7 36. Qd7+ Ka6 37.
Qc8+ Kb5 38. Qe8+ Kb4 39. Qe1+ Ka4 40. Qa1+ Kb4 41. Qb2+ Kc5 42. Qc2+ Kb5 43. Qb2+ Kc5 44. Kg1 b5 45. Qe5+ Kb4 46. Qd6+ Ka4 47. Qd7 Kb4 48.
g4 hxg4 49. hxg4 a4 50. g5 a3 51. Qd4+ Kb3 52. g6 a2 53. g7 Qf7 54. Qd3+ Ka4 55. Qd4+ Ka3 56. Qc3+ Ka4 57. Qd4+ b4 58. Qa7+ Qxa7 59.
g8=Q a1=Q+ 60. Kh2 Q1d4 61. Qa2+ Kb5 62. Qe2+ Qc4 63.
Qe5+ Qcc5 64. Qe2+ Kb6 65. Qe6+ Kb7 66. Qd7+ Qc7+ 67.
Qxc7+ Kxc7 0-1

[Event "Late-Titled-Tuesday-Blitz-March-26-2024"]
[Site "Chess.com"]
[Date "2024.03.26"]
[Round "6"]
[White "Mikhail_Bryakin"]
[Black "Jospem"]
[Result "1-0"]
[WhiteElo "2880"]
[BlackElo "3076"]
[TimeControl "180+1"]
[EndTime "15:08:46 PDT"]
[Termination "Mikhail_Bryakin won by resignation"]

1. c4 c5 2. Nc3 Nc6 3. g3 g6 4.
Bg2 Bg7 5. Nf3 d6 6. O-O e6 7. e4 Nge7 8. d3 O-O 9. Be3 Nd4 10. Rb1 Nec6 11. Ne2 Nxf3+ 12. Bxf3 b6 13. Bg2 Bb7 14. Qd2 Ne5 15. h3 d5 16. f4 Nc6 17. cxd5 exd5 18. e5 d4 19. Bf2 Qd7 20. Kh2 Rae8 21. Rbe1 Nb4 22. a3 Bxg2 23. Kxg2 Qb7+ 24. Kh2 Nd5 25. Ng1 f6 26. exf6 Nxf6 27. Rxe8 Nxe8 28. Qe2 Nf6 29. Re1 Kh8 30. Nf3 Qd5 31. Ng5 h6 32.
Ne4 Re8 33. Kg1 Qc6 34. b3 a5 35. a4 Nd5 36. Qf3 Nb4 37. Kf1 Qd5 38. Qd1 Qf5 39.
Kg2 Re7 40. Qd2 Qd5 41. Qd1 Qc6 42. Kg1 Nd5 43. Qf3 Nc3 44. Nd2 Rxe1+ 45. Bxe1 Qxf3 46. Nxf3 Ne2+ 47. Kf1 Nc1 48. Nd2 Nxd3 49. Nc4 Nc1 50. Nxb6 Nxb3 51. Nc4 d3 52. Bxa5 Kg8 53. Bd2 Nxd2+ 54.
Nxd2 Bc3 55. Nc4 Kf7 56. a5 Ke6 57. a6 Kd5 58. a7 Kxc4 59. a8=Q Bb4 60. Qa2+ Kd4 61.
Qb3 Bd2 62. Kf2 Bb4 63. Kf3 Bc3 64. g4 Bb4 65. f5 gxf5 66. gxf5 Ke5 67. Qxd3 1-0

[Event "Late-Titled-Tuesday-Blitz-March-26-2024"]
[Site "Chess.com"]
[Date "2024.03.26"]
[Round "6"]
[White "The_Straightforward_Rook"]
[Black "andrzej"]
[Result "1/2-1/2"]
[WhiteElo "2389"]
[BlackElo "2517"]
[TimeControl "180+1"]
[EndTime "15:08:47 PDT"]
[Termination "Game drawn by repetition"]

1. e4 c5 2. c3 Nf6 3. e5 Nd5 4. Nf3 d6 5. Bc4 Nb6 6. Bb3 c4 7. Bc2 Nc6 8. exd6 Qxd6 9. O-O Bg4 10. h3 Bh5 11. Re1 e6 12. Na3 Rd8 13. Qe2 Be7 14.
Nxc4 Nxc4 15. Qxc4 Bxf3 16. gxf3 O-O 17. d4 Bf6 18. Re4 Ne7 19. Bf4 Qd5 20. Qxd5 Nxd5 21. Bg3 Rc8 22. Re2 Rfd8 23. Bb3 b5 24. a3 Nb6 25. Be5 Be7 26. Rae1 Nc4 27. Bxc4 Rxc4 28.
Kh2 Bf8 29. h4 h5 30. Rg1 g6 31. Bf6 Rd5 32. Rg5 Bd6+ 33. Kg2 Rxg5+ 34. hxg5 Rc8 35. Be5 Be7 36. f4 a5 37. Rd2 b4 38. axb4 axb4 39.
d5 exd5 40. Rxd5 bxc3 41. bxc3 Rc4 42. Kf3 Kf8 43. Ke3 Ke8 44. Kd3 Ra4 45. Rb5 Kd7 46.
Rb7+ Ke6 47. f3 h4 48. Rb8 h3 49. Rh8 h2 50. Rxh2 Bxg5 51. fxg5 Kxe5 52. Rb2 Ra1 53. Rb5+ Kf4 54. Rb7 Kxf3 55. Rxf7+ Kg4 56. c4 Kxg5 57.
c5 Kh4 58. c6 Rc1 59. c7 g5 60. Ke4 Kg3 61. Rg7 g4 62. Kf5 Rc5+ 63. Ke4 Kf2 64. Rxg4 Rxc7 65. Rf4+ Ke2 66. Rh4 Kf2 67. Rh2+ Kg3 68. Ra2 Re7+ 69. Kd5 Rd7+ 70. Ke5 Re7+ 71. Kd5 Rd7+ 72. Ke5 Re7+ 73. Kd5 1/2-1/2

[Event "Late-Titled-Tuesday-Blitz-March-26-2024"]
[Site "Chess.com"]
[Date "2024.03.26"]
[Round "6"]
[White "Karttunen"]
[Black "Arigu07"]
[Result "0-1"]
[WhiteElo "2702"]
[BlackElo "2567"]
[TimeControl "180+1"]
[EndTime "15:08:49 PDT"]
[Termination "Arigu07 won by resignation"]

1. e4 Nf6 2. e5 Nd5 3. c4 Nb6 4. d4 d6 5. f4 g6 6. Be3 Bg7 7. Nc3 O-O 8. Be2 Be6 9. b3 c6 10. Nf3 Bg4 11. O-O N8d7 12. h3 Bxf3 13. Bxf3 Qc7 14. a4 Rad8 15. Qe2 Rfe8 16. Rad1 Nc8 17. Bf2 e6 18. Bh4 Ne7 19. Ne4 dxe5 20. fxe5 Nf5 21.
Bxd8 Rxd8 22. c5 b6 23. b4 a5 24. g4 Nh4 25. Nd6 axb4 26. Be4 Rf8 27. cxb6 Qxb6 28. Kh1 c5 29. Qb5 Qc7 30. Qc6 Qxc6 31. Bxc6 Nb8 32. Bb5 cxd4 33. Nc4 Rd8 34. Rd3 g5 35. Kg1 Ng6 36. Rb1 Bxe5 37. Rxb4 Bc7 38. Rbb3 Nf4 39. Rd1 e5 40. Nd2 d3 41. Ne4 Rd4 42. Nxg5 e4 43. Rc3 Bb6 44. Kh1 e3 45. Rc8+ Kg7 46. Nf3 e2 47. Rd2 Re4 48. Ne1 Ba5 49. Bxd3 Bxd2 50.
Bxe4 Bxe1 51. Bf3 Nd7 52. Re8 Nf6 53. Re5 Bc3 54. Rxe2 Nxe2 55. Bxe2 Nd5 56. Bf3 Nf4 57. h4 Kf6 58. Kh2 Ke5 59. Kg3 Be1+ 60. Kh2 Bxh4 61. a5 Bd8 62. a6 Bb6 63. Kg3 Ng6 64.
Bb7 Kf6 65. Kf3 Kg5 66. Bd5 h6 67. Kg3 Ne5 68. Kh3 f6 69. Be6 Ba7 70. Bf5 h5 71. gxh5 Kxf5 72. Kh4 Ng4 73. h6 Nxh6 0-1

[Event "Late-Titled-Tuesday-Blitz-March-26-2024"]
[Site "Chess.com"]
[Date "2024.03.26"]
[Round "6"]
[White "ATM622"]
[Black "DACF2905"]
[Result "0-1"]
[WhiteElo "2516"]
[BlackElo "2416"]
[TimeControl "180+1"]
[EndTime "15:08:51 PDT"]
[Termination "DACF2905 won by resignation"]

1. d4 Nf6 2. c4 e6 3. g3 d5 4. Bg2 Bb4+ 5. Nd2 O-O 6. Qc2 dxc4 7.
Qxc4 Qe7 8. Nf3 c5 9. O-O Nc6 10.
dxc5 Qxc5 11. a3 Qxc4 12. Nxc4 Be7 13. b4 Rd8 14. Bb2 Bd7 15. Rfd1 Be8 16. Nfe5 Nxe5 17. Nxe5 Rab8 18. Rac1 Rxd1+ 19. Rxd1 b6 20. Bc6 a5 21. b5 Bc5 22. a4 Rc8 23. Kg2 Kf8 24.
h4 Ke7 25. f3 Rd8 26. Rxd8 Kxd8 27. g4 Nd5 28. e4 Ne3+ 29. Kh3 f6 30. Bxe8 Kxe8 31.
Nd3 Bd6 32. Bd4 Nc4 33. g5 e5 34. Bf2 Kf7 35. Kg4 fxg5 36. hxg5 g6 37. Nc1 Ke6 38.
Ne2 Bb4 39. Nc1 Be7 40. Na2 Bd8 41. Nc3 Nb2 42. Kh3 Nd3 43. Be3 Nb2 44. Kg2 Nc4 45. Bf2 Bxg5 46. Nd5 Bd8 47. Kf1 h5 48. Ke2 Nb2 49. Bxb6 Bxb6 50. Nxb6 Nxa4 51. Nxa4 h4 52. Kf2 Kd6 53. Kg2 g5 54. Kh3 Ke6 55. Kg4 Kd6 56. Kh3 Ke6 57. b6 Kd6 58. Kg4 Kc6 59. Kh3 Kb7 60. Kg4 Kc6 61. Nc3 Kxb6 62. Kxg5 h3 63. Ne2 h2 64. Ng3 a4 65. f4 a3 66. f5 a2 67. f6 a1=Q 68. f7 Qa8 69.
Kg6 Qh8 70. Nh1 Kc6 71. Kf5 Kd7 72. Kg6 Ke7 73. Ng3 Qf8 74. Nf5+ Ke6 75. Ng7+ Kd7 76. Ne6 Kxe6 0-1

[Event "Late-Titled-Tuesday-Blitz-March-26-2024"]
[Site "Chess.com"]
[Date "2024.03.26"]
[Round "6"]
[White "subham777"]
[Black "Meri-Arabidze"]
[Result "0-1"]
[WhiteElo "2545"]
[BlackElo "2686"]
[TimeControl "180+1"]
[EndTime "15:08:54 PDT"]
[Termination "Meri-Arabidze won on time"]

1. e4 c5 2. Nf3 e6 3. g3 Nc6 4. Bg2 Nf6 5. d3 Be7 6. O-O O-O 7. Re1 e5 8. c3 d6 9. Nbd2 h6 10. Nf1 Be6 11. Ne3 Qd7 12. Nh4 d5 13. Nhf5 d4 14. Nxe7+ Nxe7 15. Nf5 Nxf5 16. exf5 Bxf5 17. Rxe5 dxc3 18. bxc3 Bxd3 19. Rxc5 Rad8 20. Bf4 Ne4 21. Rc7 Qf5 22. Qf3 b5 23. Rxa7 Nxc3 24. Be3 Qe5 25. Re1 Be4 26. Qf4 Qxf4 27. Bxf4 Rfe8 28. Bxe4 Rxe4 29. Rxe4 Nxe4 30. Rb7 Rd5 31. Rb8+ Kh7 32. Rb7 Kg6 33. Kg2 h5 34. h3 f6 35. Be3 Nc3 36.
Ra7 Rd1 37. Ra5 Kf7 38. Bc5 Rd5 39. Ra7+ Kg6 40. Bf8 Kf5 41. Bxg7 Rd2 42. a3 Ne4 43. Rb7 Rxf2+ 44. Kg1 Rb2 45. Rb6 Rb3 46. g4+ hxg4 47. hxg4+ Kxg4 48. Bxf6 Kf3 49. Be7 Rb1+ 50. Kh2 Nf2 51.
Rf6+ Ke2 52. Re6+ Kf3 53. Rf6+ Ke2 54. Re6+ Kd3 55. Rd6+ Kc4 56. Rf6 Ne4 57. Rf4 Kd3 58. Rf3+ Kd4 59. Rf8 Rb3 60. Bb4 Ke5 61. Re8+ Kd4 62.
Kg2 Rb2+ 63. Kf1 Kd3 64. Kg1 Kd4 65. Rd8+ Kc4 66. Re8 Kd3 67. Kf1 Ng5 68. Rd8+ Kc4 69. Re8 Nf3 0-1

[Event "Late-Titled-Tuesday-Blitz-March-26-2024"]
[Site "Chess.com"]
[Date "2024.03.26"]
[Round "6"]
[White "AsaHoffmann"]
[Black "chessamical"]
[Result "0-1"]
[WhiteElo "2403"]
[BlackElo "2286"]
[TimeControl "180+1"]
[EndTime "15:08:54 PDT"]
[Termination "chessamical won by checkmate"]

1. d4 Nf6 2. Bg5 d5 3. Nd2 c5 4. e3 Qb6 5. dxc5 Qxc5 6. Ngf3 Bf5 7. Bd3 Bxd3 8. cxd3 Nbd7 9. Qb3 Qb6 10. Rc1 Qxb3 11. Nxb3 e6 12. O-O Bd6 13. d4 h6 14.
Bh4 Ne4 15. Nfd2 Nxd2 16. Nxd2 g5 17. Bg3 Bxg3 18. hxg3 Kd8 19. e4 dxe4 20. Nxe4 Ke7 21. Rfe1 Rac8 22. Rcd1 Nf6 23. d5 Nxd5 24. Nxg5 Kf6 25.
Ne4+ Kg7 26. Rd2 Rc7 27. g4 Rhc8 28. g3 Rc1 29. Rxc1 Rxc1+ 30. Kg2 Rc4 31. Kf3 Nf6 32. Nxf6 Kxf6 33. Rd7 Rb4 34. b3 a5 35. Rc7 b6 36.
Rb7 Kg6 37. Kg2 a4 38. bxa4 Rxa4 39. Rxb6 Rxa2 40. Rb5 Ra4 41. Kh3 Kf6 42. f4 Kg6 43. Kh4 Kg7 44. g5 hxg5+ 45. Kxg5 Ra3 46. g4 Ra4 47. f5 exf5 48. gxf5 f6+ 49. Kh5 Ra7 50. Rb8 Re7 51. Kg4 Rd7 52. Kf4 Rd4+ 53. Ke3 Rd5 54. Ke4 Re5+ 55. Kf4 Re7 56. Rb6 Rd7 57. Rb4 Re7 58.
Rb1 Rd7 59. Rg1+ Kf7 60. Rh1 Rd4+ 61. Ke3 Rg4 62. Rh7+ Rg7 63. Rxg7+ Kxg7 64. Ke4 Kh6 65. Kd5 Kh5 66. Kd6 Kg4 67. Ke6 Kg5 68. Kd5 Kxf5 69.
Kd4 Kg4 70. Ke3 f5 71. Kf2 Kf4 72. Kg2 Ke3 73. Kg3 f4+ 74. Kg2 Ke2 75. Kh3 f3 76. Kg3 f2 77. Kf4 f1=Q+ 78. Ke4 Qf3+ 79.
Ke5 Qf7 80. Ke4 Qf6 81. Kd5 Qf5+ 82. Kd4 Qf4+ 83. Kc3 Ke3 84. Kc2 Qc4+ 85. Kd1 Qa2 86. Kc1 Kd3 87. Kd1 Qd2# 0-1

[Event "Late-Titled-Tuesday-Blitz-March-26-2024"]
[Site "Chess.com"]
[Date "2024.03.26"]
[Round "6"]
[White "Gentlejimmy7"]
[Black "Iball95"]
[Result "0-1"]
[WhiteElo "2679"]
[BlackElo "2878"]
[TimeControl "180+1"]
[EndTime "15:08:56 PDT"]
[Termination "Iball95 won by checkmate"]

1. c4 e6 2. g3 d5 3. Bg2 Nf6 4. Nf3 c5 5. d4 Nc6 6. O-O Be7 7.
cxd5 exd5 8. dxc5 Bxc5 9. Nc3 O-O 10. Bg5 d4 11. Bxf6 Qxf6 12. Nd5 Qd8 13. Ne1 Re8 14.
Nd3 Bf8 15. b4 Be6 16. N5f4 Nxb4 17. Nxb4 Bxb4 18. Nxe6 Rxe6 19. Bxb7 Rb8 20. Bf3 Bc3 21.
Rb1 g6 22. Qa4 Reb6 23. Rxb6 Qxb6 24. Bd5 Kg7 25. Bb3 h5 26. Qd7 Rb7 27. Qd5 Re7 28.
Kg2 Qa6 29. e3 dxe3 30. fxe3 Bf6 31. Rf2 Qb6 32. e4 Qc7 33. h4 Rd7 34. Qc4 Qe5 35. Qc6 Re7 36. Rf4 Qb2+ 37. Kh3 Qa1 38. Kg2 Qb2+ 39. Kh3 Qa1 40. Kg2 Bd4 41. Rf1 Qb2+ 42.
Kh3 Qe2 43. Qc4 Qg4+ 44. Kg2 Bf6 45. Rf4 Qd7 46. Qd5 Qc7 47. Qc4 Qb6 48. Qd5 Qc7 49. Qc4 Qa5 50. Qd5 Qc3 51. Rf3 Qa1 52. Rf1 Qc3 53.
Rf3 Qb4 54. Rf4 Qb6 55. Rf3 Qc7 56. Rf4 Rd7 57. Qc4 Qe5 58. Qe2 a5 59. Rf2 Rd4 60. Bd5 Rb4 61. Qf3 a4 62. Rc2 Rb1 63. Qf4 Qd4 64. Kh3 Rh1+ 65. Kg2 Qg1+ 66. Kf3 Qd1+ 67. Re2 Rf1+ 68. Ke3 Bd4# 0-1

[Event "Late-Titled-Tuesday-Blitz-March-26-2024"]
[Site "Chess.com"]
[Date "2024.03.26"]
[Round "6"]
[White "ckgchess"]
[Black "FairChess_on_YouTube"]
[Result "1-0"]
[WhiteElo "2932"]
[BlackElo "3100"]
[TimeControl "180+1"]
[EndTime "15:09:02 PDT"]
[Termination "ckgchess won by resignation"]

1. e4 e6 2. d4 d5 3. Nc3 Bb4 4.
e5 c5 5. a3 Bxc3+ 6. bxc3 Qa5 7. Bd2 Qa4 8. Qg4 Kf8 9. Nf3 Ne7 10. h4 Nbc6 11. h5 h6 12. Rc1 Qxa3 13. Be2 b6 14.
O-O Ba6 15. Ra1 Qxa1 16. Rxa1 Bxe2 17. dxc5 bxc5 18. Be3 c4 19. Bc5 Kg8 20. Bxe7 Nxe7 21. Qd4 Bxf3 22. gxf3 Nc6 23. Qc5 Nxe5 24. f4 Nf3+ 25.
Kg2 Nh4+ 26. Kh3 Nf5 27. Rxa7 Kh7 28. Rxf7 Ra1 29. Qc6 Re1 30. Rxf5 exf5 31. Qg6+ Kg8 32. Qxf5 Re8 33. Qxd5+ Kh7 34. Qf5+ Kg8 35. Qb5 Kh7 36.
Qf5+ Kg8 37. Kg2 Rf8 38. Qd5+ Kh7 39. Qe4+ Kg8 40. Qxc4+ Kh7 41. Qe4+ Kg8 42. c4 Rf6 43. c5 Kf7 44. Qd5+ Ke7 45. Qb7+ Ke6 46. c6 Rff8 47.
Qd7+ Kf6 48. c7 Ra8 49. Kg3 Rhe8 50. Kg4 Rac8 51. c4 Ra8 52. c5 Rac8 53. f5 Re4+ 54. f4 Ree8 55. c6 Ra8 56. Qd6+ Kf7 57. Qg6+ Kf8 58. f6 gxf6 59. Qxf6+ Kg8 60. Qg6+ Kf8 61. Qxh6+ Ke7 62. Qg7+ Kd6 63. Qd7+ Kc5 64. h6 Rg8+ 65. Kh5 Rge8 66. h7 Kb6 67. f5 Rf8 68. Kg6 Rfe8 69. f6 Rf8 70. Kg7 Rfc8 71. Qxc8 Rxc8 72. h8=Q Rxc7+ 73. Kg6 Rf7 74. Kxf7 1-0

[Event "Late-Titled-Tuesday-Blitz-March-26-2024"]
[Site "Chess.com"]
[Date "2024.03.26"]
[Round "6"]
[White "ccccvhhhj"]
[Black "TedBelanoff"]
[Result "0-1"]
[WhiteElo "2437"]
[BlackElo "2228"]
[TimeControl "180+1"]
[EndTime "15:09:06 PDT"]
[Termination "TedBelanoff won on time"]

1. d4 b5 2. e4 a6 3. Nf3 Bb7 4. Bd3 g6 5. O-O Bg7 6. c3 e6 7. Re1 Ne7 8. Nbd2 d5 9. e5 Nd7 10. Nf1 c5 11. Ng3 Nf5 12. Nxf5 gxf5 13. Bg5 Qb6 14. Qd2 h6 15. Bh4 Nf8 16. a4 Ng6 17. Bf6 Bxf6 18. exf6 c4 19. Bxf5 Nf8 20. axb5 axb5 21.
Rxa8+ Bxa8 22. Bc2 Qd6 23. Ra1 Bb7 24. Ne5 Nd7 25. Qf4 Nxe5 26. dxe5 Qc6 27. Qd4 Kd7 28. h4 Ra8 29. Rxa8 Bxa8 30. h5 Qa6 31. Kh2 Kc6 32.
Qe3 Qa1 33. Qxh6 Qxb2 34. Qd2 b4 35. h6 b3 36. h7 Qxc2 37. Qh6 b2 38. h8=Q b1=Q 39. Qc8+ Kb6 40. Qhh8 Qh7+ 41. Qxh7 Qxh7+ 42. Kg1 Qb1+ 43. Kh2 Qa1 44. Qd8+ Kb5 45. Qe8+ Bc6 46. Qxf7 Qxc3 47. Qh5 Qd4 48. f7 Qf4+ 49. Kg1 c3 50. Qe2+ Kb6 51. Qe3+ Qxe3 52. fxe3 c2 53. f8=Q c1=Q+ 54. Kh2 Qxe3 55. Qd6 Qf4+ 56. Kg1 Qd4+ 57. Kh2 Qh4+ 58.
Kg1 Qh6 59. Qb4+ Bb5 60. Qd6+ Kb7 61. Qe7+ Ka6 62. Qd6+ Kb7 63. Qe7+ Kb6 64. Qd6+ Ka5 65. Qa3+ Ba4 66. Qc5+ Ka6 67. Qd6+ Kb5 68. Qb8+ Kc4 69. Qc7+ Kd4 70. Qa7+ Kxe5 71. Qxa4 Qe3+ 72. Kh1 Qc1+ 73.
Kh2 Qf4+ 74. Qxf4+ Kxf4 75. Kh3 d4 76. Kh4 d3 77. g4 d2 78. g5 d1=Q 0-1